 Dungeon Crawl Stone Soup version 0.24.0-13-gcf9b319 (webtiles) character file.

Game seed: 16427651697600764802, levelgen mode: deterministic

13309 Fang the Fighter (level 12, -24/77 HPs)
             Began as a Gargoyle Berserker on Dec 4, 2019.
             Was a High Priest of Trog.
             Annihilated by a very large slime creature (41 damage)
             ... on level 12 of the Dungeon.
             The game lasted 00:14:06 (11477 turns).

Fang the Fighter (Gargoyle Berserker)              Turns: 11477, Time: 00:14:07

Health: -24/77     AC: 25    Str: 26    XL:     12   Next: 4%
Magic:  4/4        EV:  7    Int:  4    God:    Trog [*****.]
Gold:   793        SH: 27    Dex:  9    Spells: 11/11 levels left

rFire    + . .     SeeInvis +   a - +3 broad axe (antimagic)
rCold    + . .     Gourm    .   B - +10 large shield of Ignorance {rN+ Int-4}
rNeg     + + .     Faith    .   b - +0 plate armour
rPois    ∞         Spirit   .   m - +2 hat
rElec    +         Reflect  .   q - scarf {rC+ rF+}
rCorr    .         Harm     .   (no gloves)
MR       +....                  (no boots)
Stlth    ..........             (no amulet)
HPRegen  0.22/turn              u - ring of protection from magic
MPRegen  0.09/turn              H - ring of see invisible

@: no status effects
A: negative energy resistance 1, electricity resistance, unbreathing,
petrification resistance, rot immunity, AC +8
a: Berserk, Trog's Hand, Brothers in Arms, Renounce Religion


You were on level 12 of the Dungeon.
You worshipped Trog.
Trog was extremely pleased with you.
You were hungry.

You visited 1 branch of the dungeon, and saw 12 of its levels.

You collected 793 gold pieces.

Inventory:

Hand Weapons
 a - a +3 antimagic broad axe (weapon)
 K - a +1 war axe of holy wrath
Armour
 b - a +0 plate armour (worn)
 m - a +2 hat (worn)
 q - a scarf of resistance (worn)
 B - the +10 large shield of Ignorance (worn) {rN+ Int-4}
   (You found it on level 11 of the Dungeon)

   It affects your intelligence (-4).
   It protects you from negative energy.
Jewellery
 t - an uncursed ring of stealth
 u - a ring of protection from magic (left hand)
 F - an uncursed ring of protection from fire
 H - a ring of see invisible (right hand)
Wands
 g - a wand of disintegration (6)
 j - a wand of flame (11)
 x - a wand of acid (6)
 A - a wand of iceblast (10)
 C - a wand of random effects (6)
 G - a wand of polymorph (6)
Scrolls
 d - 5 scrolls of teleportation
 e - 4 scrolls of remove curse
 k - a scroll of blinking
 l - 2 scrolls of fog
 s - 4 scrolls of identify
 y - 2 scrolls of fear
 I - 2 scrolls of summoning
Potions
 f - 5 potions of heal wounds
 h - 3 potions of might
 n - 2 potions of agility
 o - a potion of ambrosia
 p - 4 potions of haste
 r - 2 potions of curing
 v - 3 potions of mutation
 w - a potion of berserk rage {unknown}
 z - 2 potions of flight
 D - 3 potions of resistance
 E - a potion of invisibility {unknown}
Comestibles
 c - 22 rations


   Skills:
 + Level 10.0 Fighting
 + Level 8.4 Axes
 + Level 9.7 Armour
 + Level 7.5 Dodging
 + Level 8.8 Shields


You had 11 spell levels left.
You didn't know any spells.
Your spell library was empty.

Dungeon Overview and Level Annotations

Branches:
Dungeon (12/15)            Temple (0/1) D:6            Lair (0/6) D:9
    Orc (0/2) D:11

Altars:
Cheibriados
Dithmenos
Elyvilon
Makhleb
Okawaru
Trog
Uskayaw
Vehumet
Wu Jian

Shops:
D:11 *   D:12 !

Annotations:
D:10 3 runed translucent doors, Sipninod's ghost, journeyman MfSk
D:11 2 runed translucent doors


Innate Abilities, Weirdness & Mutations

You are resistant to torment.
Your stone body is resilient. (AC +8)
You are immune to poison.
You resist negative energy. (rN+)
You are resistant to electric shocks. (rElec)
You can survive without breathing.
You are immune to petrification.
You are immune to rotting.


Message History

The very large slime creature is heavily wounded.
You closely miss the scorpion.
The very large slime creature hits you!!
You block the scorpion's attack.
You block the very large slime creature's attack.
You slash the very large slime creature!
The very large slime creature is severely wounded.
You closely miss the scorpion. You block the scorpion's attack.
The very large slime creature hits you!!
* * * LOW HITPOINT WARNING * * *
The scorpion stings you.
* * * LOW HITPOINT WARNING * * *
You are too injured to fight recklessly!
You are too injured to fight recklessly!
You slash the scorpion!
The scorpion is severely wounded.
Your shield and plate armour prevent you from hitting the very large slime creature.
The very large slime creature hits you!!!
Ouch! That really hurt!
You die...

##...#...............
#..
#....###...>.......#
#.
#.....#.#..........#
.
##......##.#.......##
#.......####.......#
#.......# ##........
#....#.## #.........
#.....### ##.#.......
##...## #@s........
##### #J##..####.. #h
..# . .J .s.# ..#
..... #.# ...... ..
...#.( ...


You could see a very large slime creature, a scorpion, a hound and a jelly.

Vanquished Creatures
  A two-headed ogre (D:12)
  2 manticores (D:11)
  2 centaur zombies (D:12)
  Psyche (D:11)
  3 hippogriffs
  A shadow (D:11)
  Sigmund (D:6)
  A wraith (D:11)
  A human (D:8)
  11 yaks
  2 hogs (D:8)
  A hungry ghost (D:7)
  2 basilisks (D:9)
  4 sky beasts
  3 orc warriors
  4 black bears
  2 necrophages
  5 ogres
  7 centaurs
  4 big kobolds
  Blork the orc (D:6)
  A gnoll sergeant (D:9)
  9 bullfrogs
  2 scorpions
  6 killer bees (D:10)
  5 wights (D:6)
  8 howler monkeys
  6 crimson imps
  9 hounds
  A bullfrog zombie (D:10)
  2 quasits
  3 jellies
  3 orc priests
  2 centaur skeletons
  6 iguanas
  13 orc wizards
  5 worker ants
  A hound skeleton (D:5)
  A worker ant zombie (D:5)
  7 gnolls
  A howler monkey zombie (D:6)
  18 adders
  4 shadow imps
  2 adder skeletons (D:5)
  An adder zombie (D:7)
  4 worms
  2 dart slugs (D:2)
  10 leopard geckos
  49 orcs
  5 bats
  6 giant cockroaches
  3 goblins
  7 hobgoblins
  8 jackals
  23 kobolds
  5 quokkas
  A ball python (D:2)
  A ball python skeleton (D:4)
  7 frilled lizards
  10 rats
316 creatures vanquished.

Vanquished Creatures (collateral kills)
  2 hydras
  An ugly thing (D:12)
  A hog (D:8)
  2 yaks (D:12)
  A big kobold (D:12)
  A bullfrog (D:12)
  A quokka (D:12)
  A kobold (D:12)
10 creatures vanquished.

Vanquished Creatures (others)
  2 centaurs (D:11)
2 creatures vanquished.

Grand Total: 328 creatures vanquished

Notes
Turn   | Place    | Note
-------+----------+-------------------------------------------
     0 | D:1      | Fang the Gargoyle Berserker began the quest for the Orb.
     0 | D:1      | Reached XP level 1. HP: 14/14 MP: 1/1
   205 | D:1      | Reached XP level 2. HP: 19/19 MP: 2/2
   747 | D:2      | Found a shadowy altar of Dithmenos.
   819 | D:2      | Reached XP level 3. HP: 22/23 MP: 3/3
   829 | D:2      | Reached ** piety under Trog
   951 | D:2      | Found a shadowy altar of Dithmenos.
  1234 | D:2      | Reached XP level 4. HP: 19/29 MP: 4/4
  1649 | D:3      | Reached skill level 4 in Fighting
  1677 | D:3      | Reached XP level 5. HP: 19/33 MP: 5/5
  1783 | D:3      | Found a burning altar of Makhleb.
  2085 | D:4      | Reached *** piety under Trog
  2153 | D:4      | Reached XP level 6. HP: 20/39 MP: 6/6
  2668 | D:4      | Noticed a -2 dagger
  2668 | D:4      | Noticed a +0 dagger
  2735 | D:4      | Found a hide-covered altar of Uskayaw.
  2760 | D:4      | Reached skill level 5 in Fighting
  2760 | D:4      | Reached skill level 1 in Shields
  2760 | D:4      | Reached XP level 7. HP: 13/44 MP: 7/7
  3425 | D:5      | Entered Level 5 of the Dungeon
  3995 | D:5      | Found a radiant altar of Vehumet.
  4045 | D:5      | Reached skill level 5 in Armour
  4045 | D:5      | Reached XP level 8. HP: 29/51 MP: 8/8
  4536 | D:6      | Noticed Blork the orc
  4552 | D:6      | Killed Blork the orc
  4553 | D:6      | Reached **** piety under Trog
  4556 | D:6      | Noticed Sigmund
  4577 | D:6      | Killed Sigmund
  4577 | D:6      | Reached skill level 6 in Fighting
  4577 | D:6      | Reached skill level 5 in Axes
  5047 | D:6      | Found a glowing drain.
  5154 | D:6      | Found a staircase to the Ecumenical Temple.
  5172 | D:6      | Found a bloodstained altar of Trog.
  5184 | D:6      | Reached XP level 9. HP: 45/56 MP: 9/9
  5863 | D:7      | Reached skill level 7 in Fighting
  5868 | D:7      | Reached skill level 5 in Dodging
  5868 | D:7      | Reached skill level 5 in Shields
  5908 | D:7      | Found an ornate altar of the Wu Jian Council.
  5954 | D:7      | Found a snail-covered altar of Cheibriados.
  5979 | D:7      | Reached ***** piety under Trog
  6369 | D:7      | Found a snail-covered altar of Cheibriados.
  6557 | D:7      | Reached XP level 10. HP: 14/64 MP: 10/10
  7354 | D:8      | Reached skill level 8 in Fighting
  7481 | D:8      | Found a white marble altar of Elyvilon.
  7800 | D:9      | Found a staircase to the Lair.
  8279 | D:9      | Found an iron altar of Okawaru.
  8476 | D:10     | Entered Level 10 of the Dungeon
  8476 | D:10     | Found a bloodstained altar of Trog.
  8547 | D:10     | Received a gift from Trog
  8859 | D:10     | Found a runed translucent gate.
  8859 | D:10     | Found a runed translucent gate.
  8860 | D:10     | Found a runed translucent gate.
  9164 | D:10     | Noticed Sipninod's ghost (journeyman MfSk)
  9435 | D:11     | Reached XP level 11. HP: 64/69 MP: 11/11
  9561 | D:11     | Found Cajuby's Demolitions Depot.
  9572 | D:11     | Reached skill level 9 in Fighting
  9850 | D:11     | Noticed a manticore
  9865 | D:11     | Killed a manticore
 10011 | D:11     | Noticed Psyche
 10022 | D:11     | Killed Psyche
 10317 | D:11     | Found a large runed translucent door.
 10317 | D:11     | Found a large runed translucent door.
 10320 | D:11     | Noticed a manticore
 10329 | D:11     | Killed a manticore
 10330 | D:11     | Found a large runed translucent door.
 10330 | D:11     | Found a large runed translucent door.
 10417 | D:11     | Noticed an eight-headed hydra
 10449 | D:11     | Killed a 13-headed hydra
 10584 | D:11     | Found the +10 large shield of Ignorance {rN+ Int-4}
 10639 | D:11     | Found a staircase to the Orcish Mines.
 10793 | D:12     | Noticed a two-headed ogre
 10802 | D:12     | Killed a two-headed ogre
 10802 | D:12     | Received a gift from Trog
 11023 | D:12     | Found Baahuwas's Distillery.
 11105 | D:12     | Noticed a four-headed hydra
 11112 | D:12     | Noticed a brown ugly thing
 11115 | D:12     | Killed a ten-headed hydra
 11120 | D:12     | Killed a brown ugly thing
 11162 | D:12     | Reached skill level 10 in Fighting
 11163 | D:12     | Reached XP level 12. HP: 33/77 MP: 4/12
 11477 | D:12     | Annihilated by a very large slime creature

Levels and vault maps discovered:
D:1:      minmay_arrival_solitary_statue, layout_basic
D:2:      layout_basic, nicolae_overflow_crystal_walls, grunt_dithmenos_smoke
D:3:      layout_basic, nicolae_overflow_hidden_temple, first_ration
D:4:      layout_loops_ring, dancing_weapons_uskayaw,
          minmay_misc_feat_nine_boxes, minmay_curled_crystal
D:5:      layout_basic, overflow_temple_1_default, minmay_circle_x
D:6:      layout_basic, trog_ov_bears_minmay, temple_doors_e,
          portal_sewer_entry_d, uniq_sigmund, uniq_blork_the_orc
D:7:      layout_basic, lemuel_doored_altar, old_standard_altar,
          chei_slow_surprise
D:8:      layout_rooms, elyvilon_altar_1, grunt_livestock
D:9:      layout_irregular_city, kennysheep_little_box, david_lair_generic
D:10:     layout_small_grid, ebering_ghost_rock_garden, basic_altar
D:11:     layout_long_grid, hiddenorc1_lemuel, nicolae_blasting_shop,
          minmay_hollow_rounded_squares, uniq_psyche
D:12:     layout_cave_pools, serial_shops, shop

Skill      XL: |  1  2  3  4  5  6  7  8  9 10 11 |
---------------+----------------------------------+-----
Axes           | 3 4 5 6 7 8 |  8.4
Dodging        | 2 3 4 5 6 7 |  7.5
Armour         | 3 4 5 6 7 8 9 |  9.7
Fighting       | 4 5 6 7 8 10 | 10.0
Shields        | 1 2 4 5 7 8 |  8.8

Action                   |  1- 3 |  4- 6 |  7- 9 | 10-12 || total
-------------------------+-------+-------+-------+-------++-------
Melee: Hand axe          |   134 |   229 |   511 |       ||   874
       War axe           |       |       |   300 |   405 ||   705
       Broad axe         |       |       |       |    71 ||    71
Invok: Berserk           |       |     2 |     5 |     7 ||    14
       Trog's Hand       |       |       |     3 |     1 ||     4
       Brothers in Arms  |       |       |       |     3 ||     3
  Use: Scroll            |       |       |       |    23 ||    23
       Potion            |       |       |       |     1 ||     1
  Eat: Chunk             |     1 |     7 |    22 |    23 ||    53
       Ration            |       |       |     2 |     1 ||     3
Armor: Animal skin       |    63 |     2 |       |       ||    65
       Chain mail        |       |   124 |   604 |   229 ||   957
       Plate armour      |       |       |       |   133 ||   133
Dodge: Dodged            |    90 |    82 |   289 |   240 ||   701
Block: Shield            |       |    20 |   440 |   299 ||   759
       Large shield      |       |       |       |   169 ||   169
